 Dungeon Crawl Stone Soup version 0.21-a0-444-g29a2fec (webtiles) character file.

187 slep the Slasher (level 5, -3/28 HPs)
             Began as a Vine Stalker Monk on Nov 18, 2017.
             Slain by an iguana (9 damage)
             ... on level 4 of the Dungeon.
             The game lasted 00:08:31 (1465 turns).

slep the Slasher (Vine Stalker Monk)                Turns: 1465, Time: 00:08:32

Health: -3/28      AC:  5    Str: 14    XL:     5   Next: 66%
Magic:  0/6        EV: 11    Int: 10    God:
Gold:   69         SH:  4    Dex: 17    Spells: 4/4 levels left

rFire    . . .     SeeInvis .   a - +0 falchion
rCold    . . .     Gourm    .   p - +0 buckler
rNeg     + . .     Faith    .   h - +0 ring mail
rPois    .         Spirit   +   (no helmet)
rElec    .         Reflect  .   (no cloak)
rCorr    .         Harm     .   (no gloves)
MR       .....                  (no boots)
Stlth    ++........             (no amulet)
HPRegen  0.49/turn              n - ring of positive energy
MPRegen  0.10/turn              (no ring)

@: no status effects
A: fangs 2, regeneration 1, magic shield, antimagic bite, no potion heal 3, rot
immunity
a: no special abilities


You were on level 4 of the Dungeon.
You were not hungry.

You visited 1 branch of the dungeon, and saw 4 of its levels.

You collected 69 gold pieces.

Inventory:

Hand Weapons
 a - a +0 falchion (weapon)
 d - a +2 short sword of speed
Armour
 b - a +0 robe
 g - a +0 leather armour
 h - a +0 ring mail (worn)
 p - a +0 buckler (worn)
 u - a +1 animal skin
 v - a +2 helmet
Jewellery
 n - a ring of positive energy (left hand)
Scrolls
 e - a scroll of immolation {unknown}
 f - a scroll of amnesia {unknown}
 i - a scroll of random uselessness {unknown}
 j - 4 scrolls of identify {unknown}
 r - 2 scrolls of remove curse {unknown}
 t - a scroll of recharging {unknown}
Potions
 k - a potion of flight {unknown}
 m - a potion of haste
 q - 3 potions of heal wounds {unknown}
 s - a potion of degeneration {unknown}
Comestibles
 c - 2 bread rations
 l - 3 fruits
 o - a meat ration
 w - 4 chunks of flesh


   Skills:
 + Level 3.1 Fighting
 + Level 4.0 Long Blades
 + Level 2.2 Armour
 + Level 2.8 Dodging
 + Level 2.7 Stealth
 + Level 0.2 Shields


You had 4 spell levels left.
You didn't know any spells.

Dungeon Overview and Level Annotations

Branches:
Dungeon (3/15)

Altars:


Innate Abilities, Weirdness & Mutations

You have extremely sharp teeth.
Your natural rate of healing is unusually fast.
When hurt, damage is shared between your health and your magic reserves.
Your bite disrupts and absorbs the magic of your enemies.
Potions cannot restore your health.
You are immune to rotting.


Message History

The iguana closely misses you.
You barely miss the iguana. You bite the iguana, but do no damage.
The iguana is heavily wounded.
The iguana bites you!
You closely miss the iguana. You bite the iguana. You drain its power.
You feel invigorated.
The iguana is heavily wounded.
The iguana closely misses you.
You hit the iguana.
The iguana is severely wounded.
The iguana bites you! x2
* * * LOW HITPOINT WARNING * * *
You hit the iguana. You bite the iguana, but do no damage.
The iguana is almost dead.
The iguana completely misses you.
You riposte.
You barely miss the iguana.
The iguana is almost dead.
You hit the iguana.
The iguana is almost dead.
The iguana bites you!
You die...

.......... .# ......... .#
......... .# ........#
###.## ..h.....# ... ..
........###.# .#
##..........###.##########
###...##l###...#.........
##.# #.@.....#.######## #.
######...#.#
#...........#.# ## #
########.##.###...# ####
#.##.>.....#
.....#.##.###...#
#.....#.# ## #.#.....#
#.....#.#


You could see an iguana.

Vanquished Creatures
  A howler monkey (D:4)
  A crimson imp (D:4)
  A worker ant (D:4)
  Robin (D:2)
  3 adders
  An ooze (D:1)
  A dart slug (D:3)
  3 leopard geckos
  2 bats (D:1)
  2 giant cockroaches (D:4)
  6 hobgoblins
  4 frilled lizards
  8 goblins (D:2)
  6 kobolds
  9 rats
49 creatures vanquished.

Notes
Turn   | Place    | Note
-------+----------+-------------------------------------------
     0 | D:1      | slep the Vine Stalker Monk began the quest for the Orb.
     0 | D:1      | Reached XP level 1. HP: 11/11 MP: 2/2
   170 | D:1      | Reached skill level 3 in Long Blades
   170 | D:1      | Reached XP level 2. HP: 13/16 MP: 1/3
   835 | D:2      | Reached XP level 3. HP: 19/19 MP: 4/4
  1121 | D:2      | Noticed Robin
  1123 | D:2      | Gained mutation: Your natural rate of healing is unusually fast. [Vine Stalker growth]
  1123 | D:2      | Reached XP level 4. HP: 18/24 MP: 5/5
  1151 | D:2      | Killed Robin
  1340 | D:2      | You fall through a shaft for 2 floors!
  1356 | D:4      | Reached skill level 1 in Armour
  1394 | D:4      | Reached XP level 5. HP: 19/28 MP: 6/6
  1448 | D:4      | Reached skill level 4 in Long Blades
  1465 | D:4      | Slain by an iguana

Vault maps used:
D:1:      minmay_arrival_up_and_down
D:2:      uniq_robin
D:3:      serial_park_tiny_2, serial_bayou_lagoon_b, uniq_ijyb
D:4:      kennysheep_little_box, minmay_temple_entry_glassed_door, first_bread,
          serial_shops, nicolae_shop_waterfront, uniq_eustachio, uniq_grinder,
          uniq_natasha

Skill      XL: |  1  2  3  4  5 |
---------------+----------------+-----
Long Blades    | 3 4 |  4.0
Fighting       | 3 |  3.1
Armour         | 2 |  2.2
Dodging        | |  2.8
Stealth        | |  2.7
Shields        | |  0.2

Action                   |  1- 3 |  4- 6 || total
-------------------------+-------+-------++-------
Melee: Falchion          |    69 |   102 ||   171
       Bite              |    18 |    38 ||    56
 Stab: Sleeping          |     3 |       ||     3
  Eat: Chunk             |     1 |     1 ||     2
Armor: Ring mail         |    19 |    30 ||    49
       Robe              |     1 |       ||     1
       Leather armour    |     1 |       ||     1
Dodge: Dodged            |    42 |    47 ||    89
Block: Buckler           |     4 |    17 ||    21
       Rpst.: Falchion   |    14 |    14 ||    28

Table legend:
 A = Spawn XP
 B = Non-spawn XP
 C = Spawn XP percentage of total XP
 D = Spawn monster count
 E = Non-spawn monster count
 F = Spawn count percentage of total count
 G = Total turns spent on level
                    A         B        C        D         E        F      G
               +---------+---------+-------+---------+---------+-------+---------
         Total |       0 |     268 |   0.0 |       0 |      49 |   0.0 |  1465
               +---------+---------+-------+---------+---------+-------+---------
           D:1 |       0 |      28 |   0.0 |       0 |      18 |   0.0 |   819
           D:2 |       0 |      75 |   0.0 |       0 |      21 |   0.0 |   481
           D:3 |       0 |       8 |   0.0 |       0 |       3 |   0.0 |    40
           D:4 |       0 |     157 |   0.0 |       0 |       7 |   0.0 |   125
               +---------+---------+-------+---------+---------+-------+---------
